 Dungeon Crawl Stone Soup version 0.21.0-26-g889b8f6 (webtiles) character file.

116 loralnil the Covered (level 5, 0/33 HPs)
             Began as a Gargoyle Fighter on Jan 27, 2018.
             Slain by piemaster's ghost (3 damage)
             ... on level 3 of the Dungeon.
             The game lasted 00:04:06 (1720 turns).

loralnil the Covered (Gargoyle Fighter)             Turns: 1720, Time: 00:04:07

Health: 0/33       AC: 15    Str: 21    XL:     5   Next: 0%
Magic:  5/5        EV:  4    Int:  8    God:
Gold:   115        SH:  9    Dex:  9    Spells: 4/4 levels left

rFire    . . .     SeeInvis +   a - +0 flail
rCold    . . .     Gourm    .   c - +0 shield
rNeg     + . .     Faith    .   m - +0 plate armour
rPois    ∞         Spirit   .   (no helmet)
rElec    +         Reflect  .   (no cloak)
rCorr    .         Harm     .   (no gloves)
MR       .....                  (no boots)
Stlth    ..........             (no amulet)
HPRegen  0.11/turn              e - ring of see invisible
MPRegen  0.09/turn              (no ring)

@: no status effects
A: negative energy resistance 1, electricity resistance, unbreathing,
petrification resistance, rot immunity, AC +4
a: no special abilities


You were on level 3 of the Dungeon.
You were not hungry.

You visited 1 branch of the dungeon, and saw 3 of its levels.

You collected 115 gold pieces.

Inventory:

Hand Weapons
 a - a +0 flail (weapon)
Armour
 c - a +0 shield (worn)
 m - a +0 plate armour (worn)
Jewellery
 e - a ring of see invisible (left hand)
Scrolls
 h - 2 scrolls of remove curse {unknown}
 i - 4 scrolls of identify
 j - 2 scrolls of enchant weapon {unknown}
 n - 2 scrolls of amnesia {unknown}
 o - a scroll of fear {unknown}
 q - a scroll of blinking {unknown}
Potions
 b - a potion of heal wounds {unknown}
 d - a potion of might
 g - a potion of lignification
 k - 2 potions of flight
 p - a potion of degeneration {unknown}
 r - a potion of berserk rage {unknown}
Comestibles
 f - 7 rations
 l - 3 chunks of flesh


   Skills:
 + Level 4.1 Fighting
 + Level 3.0 Maces & Flails
 + Level 4.1 Armour
 + Level 4.1 Shields


You had 4 spell levels left.
You didn't know any spells.

Dungeon Overview and Level Annotations

Branches:
Dungeon (3/15)

Altars:
Ashenzari
Hepliaklqana

Annotations:
D:3 piemaster's ghost, weakling MiBe


Innate Abilities, Weirdness & Mutations

You are resistant to torment.
Your stone body is resilient. (AC +4)
You are immune to poison.
You resist negative energy. (rN+)
You are resistant to electric shocks. (rElec)
You can survive without breathing.
You are immune to petrification.
You are immune to rotting.


Message History

Piemaster's ghost hits you.
You closely miss piemaster's ghost.
Piemaster's ghost is almost destroyed.
Piemaster's ghost hits you but does no damage.
Piemaster's ghost hits you.
You hit piemaster's ghost.
Piemaster's ghost is almost destroyed.
Piemaster's ghost hits you but does no damage.
Your plate armour prevents you from hitting piemaster's ghost.
Piemaster's ghost is almost destroyed.
Piemaster's ghost hits you.
* * * LOW HITPOINT WARNING * * *
You hit piemaster's ghost but do no damage.
Piemaster's ghost is almost destroyed.
Piemaster's ghost hits you.
* * * LOW HITPOINT WARNING * * *
Your shield and plate armour prevent you from hitting piemaster's ghost.
Piemaster's ghost is almost destroyed.
Piemaster's ghost hits you.
You die...

..........#..#.### #.#
...........###.#...#.###
...............#####....
######.#......#####....
#.######.#...#.###
#.###..#.#.#.#)###
#####>.....#...#...#..
#...†......###########
#....@...### #....W...#
#........# #........#
.....#.#### ......#.#
......#.# .........


You could see piemaster's ghost.

Vanquished Creatures
  5 adders (D:2)
  A howler monkey skeleton (D:2)
  A worm (D:2)
  2 dart slugs (D:2)
  2 leopard geckos (D:2)
  3 orcs (D:3)
  3 giant cockroaches
  7 hobgoblins
  4 kobolds
  A quokka (D:3)
  4 bats
  6 frilled lizards
  8 goblins
  6 rats
53 creatures vanquished.

Notes
Turn   | Place    | Note
-------+----------+-------------------------------------------
     0 | D:1      | loralnil the Gargoyle Fighter began the quest for the Orb.
     0 | D:1      | Reached XP level 1. HP: 14/14 MP: 1/1
   148 | D:1      | Reached XP level 2. HP: 17/19 MP: 2/2
   540 | D:2      | Reached XP level 3. HP: 23/23 MP: 3/3
   669 | D:2      | Reached XP level 4. HP: 27/29 MP: 4/4
   673 | D:2      | Found a shattered altar of Ashenzari.
   737 | D:2      | Found a hazy altar of Hepliaklqana.
  1383 | D:2      | Found a faded altar of an unknown god.
  1694 | D:3      | Noticed piemaster's ghost (weakling MiBe)
  1697 | D:3      | Reached XP level 5. HP: 33/33 MP: 5/5
  1720 | D:3      | Slain by piemaster's ghost

Skill      XL: |  1  2  3  4 |
---------------+-------------+-----
Armour         | 4 |  4.1
Shields        | 4 |  4.1
Fighting       | 4 |  4.1
Maces & Flails | 3 |  3.0

Action                   |  1- 3 |  4- 6 || total
-------------------------+-------+-------++-------
Melee: Flail             |   123 |   139 ||   262
  Use: Scroll            |     2 |       ||     2
  Eat: Chunk             |       |     3 ||     3
Armor: Scale mail        |    48 |       ||    48
       Plate armour      |    37 |    87 ||   124
Dodge: Dodged            |    37 |    17 ||    54
Block: Shield            |    66 |    54 ||   120
